 Dungeon Crawl Stone Soup version 0.23.0 (webtiles) character file.

Game seed: 1997518041292389256

74 Mgcat the Sneak (level 4, -2/28 HPs)
             Began as a Gargoyle Assassin on Feb 11, 2019.
             Slain by Robin
             ... wielding a +2 spear of piercing
              (6 damage)
             ... on level 2 of the Dungeon.
             The game lasted 00:03:19 (1496 turns).

Mgcat the Sneak (Gargoyle Assassin)                 Turns: 1496, Time: 00:03:19

Health: -2/28      AC: 10    Str: 15    XL:     4   Next: 30%
Magic:  4/4        EV: 10    Int: 17    God:
Gold:   57         SH:  0    Dex: 11    Spells: 3/3 levels left

rFire    . . .     SeeInvis .   l - +1 mace (holy)
rCold    . . .     Gourm    .   (no shield)
rNeg     + . .     Faith    .   n - +0 ring mail
rPois    ∞         Spirit   .   (no helmet)
rElec    +         Reflect  .   d - +0 cloak
rCorr    .         Harm     .   (no gloves)
MR       .....                  (no boots)
Stlth    ++........             (no amulet)
HPRegen  0.09/turn              (no ring)
MPRegen  0.09/turn              (no ring)

@: brilliant
A: negative energy resistance 1, electricity resistance, unbreathing,
petrification resistance, rot immunity, AC +3
a: no special abilities


You were on level 2 of the Dungeon.
You were not hungry.

You visited 1 branch of the dungeon, and saw 2 of its levels.

You collected 57 gold pieces.

Inventory:

Hand Weapons
 b - a +0 blowgun
 l - a +1 mace of holy wrath (weapon)
   (You found it on level 1 of the Dungeon)
Missiles
 e - 21 poisoned needles
 f - a curare-tipped needle
Armour
 d - a +0 cloak (worn)
 n - a +0 ring mail (worn)
   (You found it on level 1 of the Dungeon)
Scrolls
 i - a scroll of remove curse {unknown}
 j - a scroll of random uselessness {unknown}
 p - a scroll of identify {unknown}
Potions
 a - a potion of flight {unknown}
 c - a potion of heal wounds {unknown}
 h - a potion of resistance {unknown}
 m - a potion of mutation {unknown}
 o - a potion of brilliance
Comestibles
 g - 4 rations
 k - 4 chunks of flesh {@w0}


   Skills:
 + Level 3.4 Fighting
   Level 1.7 Short Blades
 + Level 1.6 Maces & Flails
 - Level 1.7 Throwing
 + Level 2.3 Armour
 - Level 0.7 Dodging
 - Level 4.3 Stealth


You had 3 spell levels left.
You didn't know any spells.
Your spell library was empty.

Dungeon Overview and Level Annotations

Branches:
Dungeon (2/15)

Altars:

Annotations:
D:2 Robin


Innate Abilities, Weirdness & Mutations

You are resistant to torment.
Your stone body is resilient. (AC +3)
You are immune to poison.
You resist negative energy. (rN+)
You are resistant to electric shocks. (rElec)
You can survive without breathing.
You are immune to petrification.
You are immune to rotting.


Message History

No target in view!
You butcher the leopard gecko corpse.
k - 2 chunks of flesh {@w0} (gained 1)
You see here a leopard gecko skeleton. x2
Key pressed, stopping explore.
Key pressed, stopping explore.
You now have 57 gold pieces (gained 3).
Key pressed, stopping explore.
Found an escape hatch in the floor.
Found a stone staircase leading down.
Health restored: 28 No target in view!
A goblin comes into view. It is wielding a +0 dagger.
The goblin shouts!
You sock the goblin!
You kill the goblin!
No target in view!
No target in view!
No target in view!
Things that are here:
a +0 dagger; a goblin corpse You butcher the goblin corpse.
k - 4 chunks of flesh {@w0} (gained 2)
Things that are here:
a +0 dagger; a goblin skeleton
Things that are here:
a +0 dagger; a goblin skeleton 3 goblins come into view.
A goblin is wielding a +1 dagger of protection.
Robin of the Strong Arm comes into view.
She is wielding a +2 spear of piercing.
A hobgoblin comes into view. It is wielding a +0 club.
A hobgoblin comes into view.
Robin shouts!
The hobgoblin shouts! x2; The goblin shouts!
Robin throws the goblin at you!
You hit the goblin but do no damage. The goblin barely misses you. x2
You barely miss the goblin.
The goblin hits you but does no damage. x2
Robin roars a battlecry!
The goblins go into a battle-frenzy!
You hear a shout!
You hit the goblin but do no damage. The goblin hits you but does no damage.
The goblin hits you with a +1 dagger of protection.
The goblin barely misses you. The goblin hits you but does no damage.
You take 1 damage, and have 27/28 hp.
Unknown command.
Unknown command.
You hit the goblin.
You kill the goblin!
A hobgoblin comes into view. It is wielding a +0 club.
The goblin hits you but does no damage. Robin throws the goblin at you!
The goblin barely misses you.
You sock the goblin!
You kill the goblin!
Robin says, "Kneel, worm!"
Robin drinks a potion.
Robin goes berserk!
The goblin closely misses you.
You hit the goblin.
The goblin is severely wounded.
The goblin hits you. The goblin hits you but does no damage.
You take 1 damage, and have 26/28 hp.
You sock the goblin!
You kill the goblin!
Robin hits you but does no damage.
You closely miss Robin.
Robin hits you with a +2 spear of piercing.
Robin barely misses you.
You take 3 damage, and have 23/28 hp.
You barely miss Robin. Robin hits you but does no damage.
Robin hits you with a +2 spear of piercing.
You take 4 damage, and have 19/28 hp.
You barely miss Robin. Robin barely misses you.
Robin hits you but does no damage.
You hit Robin.
Robin is moderately wounded.
Robin hits you but does no damage.
Robin hits you with a +2 spear of piercing!
You take 8 damage, and have 11/28 hp.
MASSIVE DAMAGE!!
You hit Robin but do no damage.
Robin is moderately wounded.
Robin closely misses you. x2
You hit Robin.
Robin is moderately wounded.
Robin hits you but does no damage. Robin barely misses you.
You hit Robin.
Robin is heavily wounded.
Robin closely misses you. x2
It was a potion of brilliance.
You feel clever all of a sudden.
The hobgoblin no longer looks unusually strong. x2
Robin hits you with a +2 spear of piercing.
* * * LOW HITPOINT WARNING * * *
x2 Robin hits you with a +2 spear of piercing.
* * * LOW HITPOINT WARNING * * *
x2 You take 7 damage, and have 4/28 hp.
MASSIVE DAMAGE!!
Unknown command.
Unknown command.
Unknown command.
You hit Robin but do no damage.
Robin is heavily wounded.
The hobgoblin no longer looks unusually strong.
Robin hits you but does no damage.
Robin hits you with a +2 spear of piercing.
You die...

#.#.# #.# #. #.#.#
#.## #. #.#.#
#.##.#.## #.#.#
#.##.#... ##.#.#
#.##....### ...#.#
#.........# ####.#
#######.#.# ####.#
#...)#..#)#
.....###.##.#.##@#
.........##.#.##g#
.........##.#.##g#
........>##.#..#g#
.........##.##.#g#
........>##.##.#.#
.........##.##.#.#
.........##....#.#
########.##.####


You could see Robin (berserk) and 3 hobgoblins.

Vanquished Creatures
  2 adders (D:2)
  A howler monkey skeleton (D:2)
  An ooze (D:2)
  A worm (D:2)
  2 dart slugs
  A leopard gecko (D:2)
  3 giant cockroaches (D:2)
  7 goblins
  5 hobgoblins
  3 kobolds
  2 bats
  4 frilled lizards (D:1)
  3 rats
35 creatures vanquished.

Notes
Turn   | Place    | Note
-------+----------+-------------------------------------------
     0 | D:1      | Mgcat the Gargoyle Assassin began the quest for the Orb.
     0 | D:1      | Reached XP level 1. HP: 12/12 MP: 1/1
   145 | D:1      | Reached skill level 1 in Armour
   145 | D:1      | Reached XP level 2. HP: 9/18 MP: 2/2
   648 | D:2      | HP: 4/18 [adder (1)]
   657 | D:2      | Reached skill level 3 in Fighting
   657 | D:2      | Reached skill level 1 in Maces & Flails
   657 | D:2      | Reached XP level 3. HP: 3/23 MP: 3/3
   915 | D:2      | Reached skill level 2 in Armour
  1010 | D:2      | Reached XP level 4. HP: 13/28 MP: 4/4
  1478 | D:2      | Noticed Robin
  1495 | D:2      | HP: 7/28 [Robin/+2 spear of piercing (1)]
  1496 | D:2      | Slain by Robin

Skill      XL: |  1  2  3 |
---------------+----------+-----
Armour         | 1 2 |  2.3
Fighting       | 3 |  3.4
Maces & Flails | 1 |  1.6
Short Blades   | |  1.7
Throwing       | |  1.7
Dodging        | |  0.7
Stealth        | |  4.3

Action                   |  1- 3 |  4- 6 || total
-------------------------+-------+-------++-------
Melee: Dagger            |    21 |       ||    21
       Mace              |    69 |    43 ||   112
 Fire: Blowgun           |     2 |       ||     2
  Use: Potion            |       |     1 ||     1
 Stab: Sleeping          |     4 |       ||     4
  Eat: Chunk             |       |     2 ||     2
Armor: Robe              |    13 |       ||    13
       Ring mail         |    35 |    28 ||    63
Dodge: Dodged            |    60 |    29 ||    89

Levels and vault maps discovered:
D:1:      dpeg_arrival_rhombus, layout_rooms, kennysheep_another_room
D:2:      layout_basic, hangedman_decor_growths, uniq_robin

Table legend:
 A = Turns spent in this place as a percentage of turns spent in the entire game.
 B = Non-inter-level travel turns spent in this place as a percentage of non-inter-level travel turns spent in the entire game.
 C = Inter-level travel turns spent in this place as a percentage of turns spent in this place.
 D = Turns resting spent in this place as a percentage of non-inter-level travel turns spent in this place.
 E = Turns spent auto-exploring this place as a percentage of non-inter-level travel turns spent in this place.
 F = Non-inter-level travel turns spent in this place divided by the number of levels of this place that you've seen.
                   A       B       C       D       E      F
               +-------+-------+-------+-------+-------+----------------------
         Total | 100.0 | 100.0 |   1.3 |  14.7 |  62.3 | 738.0
       Dungeon | 100.0 | 100.0 |   1.3 |  14.7 |  62.3 | 738.0
               +-------+-------+-------+-------+-------+----------------------

Table legend:
 A = Kills in this place as a percentage of kills in entire the game.
 B = Kills by you in this place as a percentage of kills by you in the entire game.
 C = Kills by friends in this place as a percentage of kills by friends in the entire game.
 D = Other kills in this place as a percentage of other kills in the entire game.
 E = Experience gained in this place as a percentage of experience gained in the entire game.
 F = Experience gained in this place divided by the number of levels of this place that you have seen.
                   A       B       C       D       E      F
               +-------+-------+-------+-------+-------+----------------------
         Total | 100.0 | 100.0 |   N/A |   N/A | 100.0 |  53.5
       Dungeon | 100.0 | 100.0 |   N/A |   N/A | 100.0 |  53.5
               +-------+-------+-------+-------+-------+----------------------
